 Dungeon Crawl Stone Soup version 0.30-a0-939-gc8157cb160 (webtiles) character file.

Game seed: 6971218550805344127

2191 cforsyth the Trooper (level 9, -1/42 (49) HPs)
             Began as a Vine Stalker Brigand on Mar 25, 2023.
             Was a Follower of Uskayaw.
             Succumbed to a gnoll sergeant's poison
             ... on level 6 of the Dungeon.
             The game lasted 00:19:11 (7725 turns).

cforsyth the Trooper (Vine Stalker Brigand)         Turns: 7725, Time: 00:19:12

HP:   -1/42 (49)    AC: 14    Str: 19    XL:     9   Next: 33%
MP:   19/19         EV:  8    Int: 11    God:    Uskayaw [*.....]
Gold: 366           SH:  0    Dex: 21    Spells: 8/8 levels left

rFire   . . .      SeeInvis .    E - +3 short sword
rCold   . . .      Faith    .    (no shield)
rNeg    . . .      Spirit   +    t - +0 chain mail
rPois   .          Reflect  .    (no helmet)
rElec   .          Rampage  .    s - +0 cloak
rCorr   .                        h - +2 pair of gloves
Will    +....                    (no boots) Stlth
                                 (no amulet)
HPRegen 1.07/turn                x - ring of magical power
MPRegen 0.16/turn                e - +6 ring of dexterity

@: lethally poisoned (-1 -> -6), heavily drained, invisible
A: fangs 3, regeneration 1, magic shield, antimagic bite, no potion heal 2
a: Renounce Religion, Stomp


You were on level 6 of the Dungeon.
You worshipped Uskayaw.
Uskayaw was noncommittal.
You visited 2 branches of the dungeon, and saw 8 of its levels.

You collected 366 gold pieces.

Inventory:

Hand Weapons
 a - a +2 dagger
 E - a +3 short sword (weapon)
Missiles
 d - 27 poisoned darts (quivered)
 D - a throwing net
 I - a curare-tipped dart
Armour
 b - a +0 robe
 c - a +0 cloak
 h - a +2 pair of gloves (worn)
 s - a +0 cloak (worn)
 t - a +0 chain mail (worn)
 z - a +0 helmet
 C - a +3 leather armour
Jewellery
 e - a +6 ring of dexterity (right hand)
 x - a ring of magical power (left hand)
 G - a ring of flight
Wands
 y - a wand of flame (8)
Scrolls
 f - 4 scrolls of vulnerability {unknown}
 k - 4 scrolls of summoning {unknown}
 l - 4 scrolls of identify {unknown}
 m - 5 scrolls of enchant armour {unknown}
 n - a scroll of teleportation {unknown}
 o - 3 scrolls of poison {unknown}
 p - 2 scrolls of noise {unknown}
 F - a scroll of blinking {unknown}
 H - a scroll of fog {unknown}
Potions
 g - 2 potions of haste {unknown}
 i - 2 potions of curing {unknown}
 j - 2 potions of degeneration {unknown}
 q - a potion of might {unknown}
 r - a potion of berserk rage {unknown}
 u - 2 potions of heal wounds {unknown}
 v - a potion of ambrosia {unknown}
 w - a potion of invisibility
 A - a potion of mutation {unknown}
 B - a potion of resistance {unknown}


   Skills:
 + Level 6.7 Fighting
 + Level 6.7 Short Blades
 - Level 1.7 Throwing
 + Level 5.4 Armour
 - Level 0.7 Dodging
 - Level 4.8 Stealth


You had 8 spell levels left.
You didn't know any spells.
Your spell library contained the following spells:

 Spells                   Type           Power      Damage    Failure   Level
 Ensorcelled Hibernation  Hex/Ice        0%         N/A       99%         2
 Passwall                 Tmut/Erth      0%         N/A       99%         2
 Swiftness                Air            0%         N/A       100%        3


Dungeon Overview and Level Annotations

Branches:
Dungeon (7/15)             Temple (1/1) D:4

Altars:
Ashenzari
Cheibriados
Dithmenos
Elyvilon
Fedhas
Gozag
Hepliaklqana
Kikubaaqudgha
Makhleb
Nemelex Xobeh
Okawaru
Qazlal
Ru
Sif Muna
Trog
Uskayaw
Vehumet
Wu Jian
Xom
Yredelemnul
Zin
The Shining One

Annotations:
D:2 1 runed translucent door, Crazy Yiuf
D:4 Pikel


Innate Abilities, Weirdness & Mutations

You have razor-sharp teeth.
Your natural rate of healing is unusually fast.
When hurt, damage is shared between your health and your magic reserves.
Your bite disrupts and absorbs the magic of your enemies.
Potions cannot restore your health.


Message History

You bite the gnoll sergeant, but do no damage.
The gnoll sergeant is lightly wounded.
You feel very sick.
You hit the gnoll sergeant. Your bite misses the gnoll sergeant.
The gnoll sergeant is moderately wounded.
You feel very sick. The gnoll sergeant barely misses you.
You hit the gnoll sergeant but do no damage.
You bite the gnoll sergeant. You drain its power.
You feel invigorated.
The gnoll sergeant is moderately wounded.
You feel very sick.
The gnoll sergeant hits you but does no damage.
You are more poisoned.
You are too injured to fight recklessly!
You are too injured to fight recklessly!
You are too injured to fight recklessly!
You are too injured to fight recklessly!
You are too injured to fight recklessly!
You are too injured to fight recklessly!
You are too injured to fight recklessly!
You are too injured to fight recklessly!
You feel very sick.
The gnoll sergeant hits you but does no damage.
You are lethally poisoned!
* * * LOW HITPOINT WARNING * * *
You feel very sick.
There is a stone staircase leading up, spattered with blood here.
Magic restored.
* * * LOW HITPOINT WARNING * * *
You feel very sick. The gnoll sergeant closely misses you.
You climb upwards.
* * * LOW HITPOINT WARNING * * *
You feel very sick.
There is a stone staircase leading down, spattered with blood here.
Things that are here:
a +0 chain mail; a +0 scimitar It was a potion of invisibility.
You fade into invisibility!
You die...

#...##...##### #...##........
#..###.....##. #
######...........#. #######
#.....#.....###.... ......#####
#...[.##...####...#
.###......#####...........#....^.
.###............[...#...####...#.
...#............@)..##..###......
##............#.[...###..........
##...........#.....# ##.....####
#........[..###..## #....#####
#...........###...## #.....##..
###..................###.....##..
.....................#.....#####.
.###.................#[#...####..
......(..............#.#.........


There were no monsters in sight!

Vanquished Creatures
  Grinder (D:3)
  A steam dragon (D:6)
  Eustachio (D:5)
  A water moccasin (D:5)
  Duvessa (D:6)
  2 ice beasts
  An orc warrior (D:6)
  2 phantoms (D:5)
  4 lemures (D:4)
  3 scorpions (D:5)
  7 wights
  Dowan (D:6)
  5 orc priests
  A sleepcap (D:5)
  An iguana (D:4)
  5 orc wizards
  4 adders
  2 gnolls
  A shadow imp (D:6)
  A white imp (D:7)
  3 ufetubi
  3 worms
  2 dart slugs
  31 orcs
  4 bats
  2 endoplasms
  2 giant cockroaches
  2 goblins
  5 hobgoblins
  6 jackals
  2 quokkas
  5 ball pythons
  3 frilled lizards
  4 kobolds
  16 rats
135 creatures vanquished.

Vanquished Creatures (others)
  A shadow imp (D:6)
  An orc (D:6)
2 creatures vanquished.

Grand Total: 137 creatures vanquished

Notes
Turn   | Place    | Note
-------+----------+-------------------------------------------
     0 | D:1      | cforsyth the Vine Stalker Brigand began the quest for the
                  | Orb.
     0 | D:1      | Reached XP level 1. HP: 11/11 MP: 2/2
    10 | D:1      | You fall into a shaft and drop 1 floor!
   231 | D:1      | Reached XP level 2. HP: 15/15 MP: 3/3
   798 | D:2      | Reached XP level 3. HP: 19/19 MP: 4/4
  1426 | D:2      | Found a runed translucent door.
  1427 | D:2      | Noticed Crazy Yiuf
  1980 | D:3      | Noticed Grinder
  1989 | D:3      | Paralysed by Grinder for 5 turns
  2011 | D:3      | Killed Grinder
  2012 | D:3      | Reached skill level 1 in Armour
  2012 | D:3      | Gained mutation: Your natural rate of healing is unusually
                  | fast. [Vine Stalker growth]
  2012 | D:3      | Reached XP level 4. HP: 14/25 MP: 5/5
  2012 | D:3      | Reached XP level 5. HP: 16/29 MP: 6/6
  2012 | D:3      | Reached XP level 6. HP: 19/33 MP: 7/7
  2135 | D:3      | Found a radiant altar of Vehumet.
  2144 | D:3      | Found a basalt altar of Yredelemnul.
  2850 | D:4      | Found a staircase to the Ecumenical Temple.
  2890 | D:4      | Noticed Pikel
  2987 | D:4      | Paralysed by Pikel for 3 turns
  3446 | Temple   | Entered the Ecumenical Temple
  3472 | Temple   | Became a worshipper of Uskayaw the Reveller
  3632 | D:4      | Found a bloodstained altar of Trog.
  3651 | D:4      | Reached * piety under Uskayaw
  3768 | D:5      | Entered Level 5 of the Dungeon
  4007 | D:5      | Reached ** piety under Uskayaw
  4115 | D:5      | Reached *** piety under Uskayaw
  4125 | D:5      | Reached **** piety under Uskayaw
  4129 | D:5      | Reached XP level 7. HP: 31/38 MP: 8/8
  4939 | D:5      | Identified the +6 rapier of Jair {heavy, Contam rC+ rCorr}
  5334 | D:6      | Noticed Eustachio
  5339 | D:6      | Noticed a steam dragon
  5448 | D:6      | Noticed Duvessa
  5528 | D:5      | Reached skill level 5 in Fighting
  5528 | D:5      | Reached skill level 5 in Short Blades
  5531 | D:5      | Gained mutation: You have razor-sharp teeth. [Vine Stalker
                  | growth]
  5531 | D:5      | Reached XP level 8. HP: 30/43 MP: 9/9
  6265 | D:6      | Noticed Dowan
  6266 | D:6      | Killed Duvessa
  6292 | D:6      | Killed Dowan
  6364 | D:6      | HP: 1/44 [something] (5)]
  6595 | D:5      | Killed Eustachio
  7082 | D:7      | Noticed a hornet
  7146 | D:6      | Reached XP level 9. HP: 29/49 MP: 10/10
  7191 | D:7      | Reached skill level 5 in Armour
  7724 | D:6      | HP: 1/42 [poisoned by a gnoll sergeant]
  7725 | D:6      | Succumbed to a gnoll sergeant's poison

Illustrated notes

Levels and vault maps discovered:
D:1:      dpeg_arrival_ratfight, layout_rooms, minivault_5,
          hangedman_glass_teeth
D:2:      layout_loops_corners, minmay_rat_gold_closets, uniq_crazy_yiuf_cottage
D:3:      layout_basic, nicolae_overflow_squiral, uniq_grinder
D:4:      layout_basic, kennysheep_mini_moat, minmay_temple_entry_grid,
          small_statue_intersection, uniq_pikel
D:5:      layout_layer_cave
D:6:      layout_rooms, hangedman_decor_growths, lightli_orcish_oven,
          uniq_eustachio, uniq_duvessa
D:7:      layout_rooms
Temple:   hellmonk_temple_of_storms

Skill      XL: |  1  2  3  4  5  6  7  8  9 |
---------------+----------------------------+-----
Fighting       | 2 3 4 5 6 |  6.7
Short Blades   | 2 3 4 5 6 |  6.7
Armour         | 1 2 3 4 5 |  5.4
Throwing       | |  1.7
Dodging        | |  0.7
Stealth        | |  4.8

Action                     |  1- 3 |  4- 6 |  7- 9 || total
---------------------------+-------+-------+-------++-------
  Melee: Dagger            |    88 |   220 |   227 ||   535
         Bite              |    19 |    66 |   109 ||   194
         Punch             |       |     4 |     4 ||     8
         Short sword       |       |       |   116 ||   116
  Throw: Dart              |       |     1 |    18 ||    19
    Use: Potion            |       |       |     1 ||     1
   Stab: Sleeping          |    22 |       |       ||    22
         Paralysed         |       |     1 |     8 ||     9
 Armour: Robe              |     8 |       |       ||     8
         Chain mail        |    17 |   114 |   176 ||   307
  Dodge: Dodged            |    31 |    59 |    98 ||   188

Table legend: (Time is in decaauts)
 A = Elapsed time spent in this place.
 B = Non-inter-level travel time spent in this place.
 C = Inter-level travel time spent in this place.
 D = Time resting spent in this place.
 E = Time spent auto-exploring this place.
 F = Levels seen in this place.
 G = Mean time per level.
                   A        B        C        D        E       F      G
               +--------+--------+--------+--------+--------+-----+--------+
         Total |   7591 |   7175 |    416 |   1592 |   3950 |   8 |  948.9 |
       Dungeon |   7545 |   7129 |    416 |   1592 |   3932 |   7 | 1077.9 |
        Temple |     45 |     45 |      0 |      0 |     18 |   1 |   45.0 |
               +--------+--------+--------+--------+--------+-----+--------+

Top non-repeatable levels by time:
     D:5: 2336 daAuts
     D:3: 1238 daAuts
     D:2: 1100 daAuts
     D:6: 1046 daAuts
     D:4: 963 daAuts
     D:1: 627 daAuts
     D:7: 231 daAuts
  Temple: 45 daAuts
